 Dungeon Crawl Stone Soup version 0.28.0 (webtiles) character file.

Game seed: 12605506810663415344

7 sanka the Magician (level 1, 0/11 HPs)
             Began as a Deep Elf Transmuter on Feb 8, 2022.
             Slain by a jackal (3 damage)
             ... on level 1 of the Dungeon.
             The game lasted 00:00:31 (677 turns).

sanka the Magician (Deep Elf Transmuter)             Turns: 677, Time: 00:00:32

Health: 0/11       AC:  2    Str:  7    XL:     1   Next: 83%
Magic:  6/7        EV: 12    Int: 17    God:
Gold:   12         SH:  0    Dex: 15    Spells: 6/7 levels left

rFire   . . .      SeeInvis .     - Unarmed
rCold   . . .      Faith    .   (no shield)
rNeg    . . .      Spirit   .   a - +0 robe
rPois   .          Reflect  .   (helmet currently unavailable)
rElec   .          Harm     .   (no cloak)
rCorr   .          Rampage  .   (no gloves)
Will    .....                   (boots currently unavailable)
Stlth   +.........              (no amulet)
HPRegen 0.03/turn               (no ring)
MPRegen 0.10/turn               (no ring)

@: appendages
A: horns 2, talons 2
a: End Transformation


You were on level 1 of the Dungeon.
You had temporarily grown beastly horns and talons.
You visited 1 branch of the dungeon, and saw 1 of its levels.

You collected 12 gold pieces.

Inventory:

Armour
 a - a +0 robe (worn)
Scrolls
 b - a scroll of identify {unknown}
 c - a scroll of fear {unknown}
 d - a scroll of enchant weapon {unknown}
Potions
 e - a potion of degeneration {unknown}


   Skills:
 - Level 0.7 Fighting
 - Level 2.4 Dodging
 - Level 2.4 Unarmed Combat
 + Level 3.8 Spellcasting
 - Level 2.1 Transmutations


You had 6 spell levels left.
You knew the following spells:

 Your Spells              Type           Power      Damage    Failure   Level
a - Beastly Appendage     Tmut           20%        N/A       7%          1

Your spell library contained the following spells:

 Spells                   Type           Power      Damage    Failure   Level
 Wereblood                Tmut           10%        N/A       10%         2
 Spider Form              Tmut/Pois      6%         N/A       30%         3
 Ice Form                 Ice/Tmut       6%         N/A       71%         4


Dungeon Overview and Level Annotations

Branches:
Dungeon (1/15)

Altars:


Innate Abilities, Weirdness & Mutations

You have temporarily grown beastly horns and talons.


Message History

e - a metallic yellow potion You now have 12 gold pieces (gained 2).
A jackal comes into view.
A jackal is nearby!
You grow a pair of large bovine horns.
Your feet morph into talons.
The jackal barks!
You hear a bark! x2; You hear an angry hiss.
A jackal comes into view.
The jackal closely misses you.
You hit the jackal. You claw the jackal.
The jackal is almost dead.
The jackal closely misses you.
A jackal comes into view.
You closely miss the jackal. Your headbutt misses the jackal.
The jackal is almost dead.
A jackal comes into view.
The jackal bites you. The jackal barely misses you.
The jackal closely misses you. The jackal misses you.
The jackal moves out of view.
You hit the jackal.
You kill the jackal!
The jackal misses you.
You closely miss the jackal. Your kick misses the jackal.
You headbutt the jackal.
The jackal is almost dead.
The jackal bites you.
Unknown command.
The jackal bites you but does no damage.
The jackal closely misses you. The jackal bites you.
Your transformation is almost over.
The jackal bites you.
* * * LOW HITPOINT WARNING * * *
You are too injured to fight recklessly!
Casting: Beastly Appendage (safe; 7% risk of failure)
Confirm with . or Enter, or press ? or * to list all spells.
You extend your transformation's duration.
The jackal closely misses you.
You barely miss the jackal. You headbutt the jackal.
You kill the jackal!
The jackal bites you.
You die...

#. #.###### #......#
....#!.....#
.....#......#
.....##.....#
.....##.....#
.....####.####
#...@h....#
#..###.##.#
#......##>##
#)...........# #
..#####.......#.##.#
. ........#####.#.#
. ######..#####...#
.# #........#.##.##
#.......#.##...


You could see a jackal.

Vanquished Creatures
  A goblin (D:1)
  2 jackals (D:1)
  A quokka (D:1)
  A frilled lizard (D:1)
  A kobold (D:1)
  2 rats (D:1)
8 creatures vanquished.

Notes
Turn   | Place    | Note
-------+----------+-------------------------------------------
     0 | D:1      | sanka the Deep Elf Transmuter began the quest for the Orb.
     0 | D:1      | Reached XP level 1. HP: 11/11 MP: 6/6
   677 | D:1      | Slain by a jackal

Illustrated notes

Levels and vault maps discovered:
D:1:      psy_arrival_spokes, layout_loops_ring

Action                   || total
-------------------------++-------
Melee: Unarmed           ||    19
       Headbutt          ||     4
       Kick              ||     2
       Punch             ||     1
 Cast: Beastly Appendage ||     5
 Stab: Sleeping          ||     1
Armor: Robe              ||     2
Dodge: Dodged            ||    10
